Thunder vs Patriotes
Created - 6 mars 2017 at 19:21
Goals
|
| Thunder |
2 |
0 |
1 |
3 |
| Patriotes |
3 |
1 |
4 |
8 |
|
Shots
|
| Thunder |
6 |
6 |
12 |
24 |
| Patriotes |
16 |
11 |
14 |
41 |
|
1st period
1. Patriotes , Andrew Gordon 14 (Fedor Fedorov, Jordie Benn) at 5:26
2. Thunder , Evgeny Kuznetsov 11 (Jay Beagle) at 7:19
3. Thunder , David Clarkson 11 (David Fischer) at 10:01
4. Patriotes , Zenon Konopka 15 (Anthony Bitetto, Barry Tallackson) at 16:23
5. Patriotes , Matt Calvert 12 (Mathieu Perreault, Lauri Tukonen) at 19:14
Penalties :
No Penalty
2nd period
6. Patriotes , Fedor Fedorov 14 (Barry Tallackson, Zenon Konopka) at 14:51 (PP)
Penalties :
Zenon Konopka (Nyc) for Goalie Interference (Minor) at 0:29, Josh Manson (TRO) for Holding (Minor) at 3:32, Josh Manson (TRO) for Hooking (Minor) at 14:00, Dany Roussin (TRO) for Hooking (Minor) at 18:13
3rd period
7. Thunder , Jay Harrison 2 (David Fischer, Magnus Paajarvi-Svensson) at 2:23 (PP)
8. Patriotes , Melker Karlsson 13 (Austin Watson, Anthony Bitetto) at 8:16
9. Patriotes , Austin Watson 5 (Lauri Tukonen, Ryan Wilson) at 11:27
10. Patriotes , Tomas Kurka 18 (Timothy Kunes, Ryan Wilson) at 11:37
11. Patriotes , Andrew Gordon 15 (Tomas Kurka, Christian Hanson) at 11:48 (PP)
Penalties :
Stephen Johns (Nyc) for Boarding (Minor) at 1:54, Jay Harrison (TRO) for Boarding (Minor) at 11:42, Pierre-Alexandre Parenteau (TRO) for High sticking (Double Minor) at 12:03, Jared Knight (Nyc) for Roughing (Minor) at 15:02
Goalie Stats
Braden Holtby (TRO), 33 saves from 41 shots - (0,805), L, 6-8-1, 60:00 minutes
Marek Schwarz (Nyc), 21 saves from 24 shots - (0,875), W, 20-20-3, 60:00 minutes
Players Stats for Thunder
Player Name G A P +/- PIM S H SB GA TA FO MP PP MP PK MP
------------------------------------------------------------------------------------
Brett Festerling 0 0 0 -2 0 3 1 1 0 3 0/0 25:24 1:11 4:18
Casey Pierro-Zabotel 0 0 0 -2 0 0 0 0 0 0 0/0 7:11 0:00 0:00
Dalton Smith 0 0 0 0 0 0 0 0 0 0 1/1 3:17 0:00 0:00
Dany Roussin 0 0 0 -3 2 4 1 1 2 1 3/8 24:35 1:24 3:18
David Clarkson 1 0 1 0 0 1 1 0 0 0 2/4 15:19 0:11 2:21
David Fischer 0 2 2 -2 0 1 0 1 1 3 0/0 25:58 2:16 3:44
David Wolf 0 0 0 0 0 0 1 0 0 0 0/0 12:36 0:00 0:29
Evgeny Kuznetsov 1 0 1 -1 0 2 0 0 1 0 4/14 18:12 2:03 1:46
Jared Staal 0 0 0 0 0 0 0 0 0 0 0/0 0:42 0:00 0:00
Jay Beagle 0 1 1 -1 0 3 2 4 0 0 1/2 17:43 2:03 1:36
Jay Harrison 1 0 1 -2 2 2 2 3 1 2 0/0 30:58 2:16 4:42
Joe Labate 0 0 0 0 0 0 1 0 0 0 1/4 12:17 0:00 0:10
Josh Manson 0 0 0 -1 4 0 2 2 0 2 0/0 23:01 1:11 2:09
Magnus Paajarvi-Svensson 0 1 1 -1 0 2 1 0 2 0 0/3 17:52 2:03 1:38
Peter Andersson 0 0 0 -1 0 0 1 1 0 0 0/0 13:01 0:00 0:40
Pierre-Alexandre Parente 0 0 0 -1 4 1 5 1 1 1 1/2 18:49 1:24 3:09
Robin Leblanc 0 0 0 -2 0 1 3 1 0 0 0/1 7:11 0:00 0:00
Tom Pyatt 0 0 0 -1 0 4 3 1 0 0 8/25 16:55 1:13 1:36
Players Stats for Patriotes
Player Name G A P +/- PIM S H SB GA TA FO MP PP MP PK MP
------------------------------------------------------------------------------------
Andrew Gordon 2 0 2 2 0 8 1 0 2 1 2/3 22:35 3:50 2:04
Anthony Bitetto 0 2 2 2 0 0 4 2 1 0 0/0 19:25 3:05 0:57
Austin Watson 1 1 2 2 0 2 1 0 0 0 0/0 8:19 0:00 0:00
Barry Tallackson 0 2 2 1 0 3 2 1 1 0 0/0 17:28 3:28 0:39
Christian Hanson 0 1 1 2 0 1 1 0 0 0 27/37 19:49 3:50 0:00
Fedor Fedorov 1 1 2 1 0 1 1 0 3 1 0/0 17:14 3:28 0:33
Jared Knight 0 0 0 0 2 0 0 0 0 0 0/0 0:36 0:35 0:00
Jordie Benn 0 1 1 2 0 1 0 0 1 0 0/0 19:25 3:05 0:57
Lauri Tukonen 0 2 2 2 0 1 0 0 1 0 0/0 8:55 0:36 0:00
Mathieu Perreault 0 1 1 -1 0 2 0 0 0 1 3/6 10:07 0:00 0:00
Matt Calvert 1 0 1 -1 0 1 2 0 1 1 0/0 11:02 0:00 0:44
Mattias Weinhandl 0 0 0 -1 0 0 3 0 0 0 0/0 10:55 0:00 0:39
Melker Karlsson 1 0 1 2 0 7 3 0 0 0 1/2 8:19 0:00 0:00
Mike Funk 0 0 0 1 0 0 0 0 0 1 0/0 10:52 0:00 0:00
Robbie Russo 0 0 0 1 0 0 0 0 0 0 0/0 4:04 0:00 0:00
Ryan Wilson 0 2 2 1 0 5 2 0 0 1 0/0 29:11 4:49 2:30
Stephen Johns 0 0 0 1 2 0 1 0 0 1 0/0 10:51 0:00 0:00
Timothy Kunes 0 1 1 0 0 3 3 3 1 0 0/0 26:11 4:49 2:30
Tomas Kurka 1 1 2 2 0 4 3 0 1 0 5/7 22:35 3:50 2:04
Zach Budish 0 0 0 0 0 0 0 0 0 0 0/0 0:57 0:36 0:11
Zenon Konopka 1 1 2 1 2 2 3 0 0 1 5/9 16:40 3:28 0:00
3 Stars
1 - Andrew Gordon (Nyc)
2 - Tomas Kurka (Nyc)
3 - Austin Watson (Nyc)
Power Play
Thunder - 1 on 3 Attempt(s) - 33,33%
Patriotes - 2 on 6 Attempt(s) - 33,33%
Penalty Kill
Thunder - 4 on 6 Attempt(s) - 66,67%
- Score 0 goal in Penalty Kill
Patriotes - 2 on 3 Attempt(s) - 66,67%
- Score 0 goal in Penalty Kill
Team Stat
Thunder - Hits : 24 - Faceoff Wins : 21 - Blocked Shots : 16 - Penalty Minutes : 12
Patriotes - Hits : 30 - Faceoff Wins : 43 - Blocked Shots : 6 - Penalty Minutes : 6
Official
Referees : O'Halloran Dan and Kowal Tom
Linesman : Scott Driscoll and Pierre Champoux
Game Notes
No Game Note
Finance
Level 1 -- Attendance: 1408 (70,40%) -- Ticket Income 49 280 $
Level 2 -- Attendance: 701 (70,10%) -- Ticket Income 10 515 $
Total Attendance: 2109 (70,30%)
Total Ticket Income: 59 795 $
Other Income: 2 990 $
Total Income: 62 785 $
Thunder
5 vs 5 Forward
Center Left Wing Right Wing Time % Phy DF OF
1 Tom Pyatt Dany Roussin Pierre-Alexandre Parentea40 1 2 2
2 Evgeny Kuznetsov Magnus Paajarvi-Svensson Jay Beagle 30 1 2 2
3 Joe Labate David Wolf David Clarkson 20 1 2 2
4 Dany Roussin Casey Pierro-Zabotel Robin Leblanc 10 1 2 2
5 vs 5 Defense
Defense Defense Time % Phy DF OF
1 Jay Harrison David Fischer 40 1 2 2
2 Josh Manson Brett Festerling 30 1 2 2
3 Peter Andersson Jay Harrison 20 1 2 2
4 David Fischer Josh Manson 10 1 2 2
PowerPlay Forward
Center Left Wing Right Wing Time % Phy DF OF
1 Tom Pyatt Dany Roussin Pierre-Alexandre Parentea60 1 2 2
2 Evgeny Kuznetsov Magnus Paajarvi-Svensson Jay Beagle 40 1 2 2
PowerPlay Defense
Defense Defense Time % Phy DF OF
1 Jay Harrison David Fischer 60 1 2 2
2 Josh Manson Brett Festerling 40 1 2 2
Penalty Kill 4 Players Forward
Center Wing Time % Phy DF OF
1 Dany Roussin Pierre-Alexandre Parentea60 1 2 2
2 Jay Beagle Tom Pyatt 40 1 2 2
Penalty Kill 4 Players Defense
Defense Defense Time % Phy DF OF
1 Jay Harrison David Fischer 60 1 2 2
2 Josh Manson Brett Festerling 40 1 2 2
Penalty Kill - 3 Players Forward
Forward Time % Phy DF OF
1 Dany Roussin 60 1 2 2
2 Pierre-Alexandre Parentea 40 1 2 2
Penalty Kill - 3 Players Defense
Defense Defense Time % Phy DF OF
1 Jay Harrison David Fischer 60 1 2 2
2 Josh Manson Brett Festerling 40 1 2 2
4 vs 4 Forward
Center Wing Time % Phy DF OF
1 Dany Roussin Pierre-Alexandre Parentea60 1 2 2
2 Jay Beagle Tom Pyatt 40 1 2 2
4 vs 4 Defense
Defense Defense Time % Phy DF OF
1 Jay Harrison David Fischer 60 1 2 2
2 Josh Manson Brett Festerling 40 1 2 2
Last Minutes Offensive
Center Left Wing Right Wing Defense Defense
Tom Pyatt Dany Roussin Pierre-Alexandre ParenteaJay Harrison David Fischer
Last Minutes Defensive
Center Left Wing Right Wing Defense Defense
Tom Pyatt Dany Roussin Pierre-Alexandre ParenteaJay Harrison David Fischer
Goaltenders
Starting : Braden Holtby
Backup : Magnus Hellberg
Extra Forwards
Normal : Dalton Smith, Jared Staal, David Clarkson - PP : Dalton Smith, Jared Staal - PK : David Clarkson
Extra Defensemen
Normal : Peter Andersson, Brett Festerling, Jay Harrison - PP : Peter Andersson - PK : Brett Festerling, Jay Harrison
Penalty Shots
Dany Roussin, Pierre-Alexandre Parenteau, Jay Beagle, Tom Pyatt, David Clarkson
Patriotes
5 vs 5 Forward
Center Left Wing Right Wing Time % Phy DF OF
1 Christian Hanson Tomas Kurka Andrew Gordon 40 1 2 2
2 Zenon Konopka Fedor Fedorov Barry Tallackson 30 1 2 2
3 Mathieu Perreault Matt Calvert Mattias Weinhandl 20 1 2 2
4 Melker Karlsson Austin Watson Lauri Tukonen 10 1 2 2
5 vs 5 Defense
Defense Defense Time % Phy DF OF
1 Ryan Wilson Timothy Kunes 40 1 2 2
2 Jordie Benn Anthony Bitetto 30 1 2 2
3 Mike Funk Stephen Johns 20 1 2 2
4 Robbie Russo Ryan Wilson 10 1 2 2
PowerPlay Forward
Center Left Wing Right Wing Time % Phy DF OF
1 Christian Hanson Tomas Kurka Andrew Gordon 60 1 2 2
2 Zenon Konopka Fedor Fedorov Barry Tallackson 40 1 2 2
PowerPlay Defense
Defense Defense Time % Phy DF OF
1 Ryan Wilson Timothy Kunes 60 1 2 2
2 Jordie Benn Anthony Bitetto 40 1 2 2
Penalty Kill 4 Players Forward
Center Wing Time % Phy DF OF
1 Tomas Kurka Andrew Gordon 60 1 2 2
2 Barry Tallackson Mattias Weinhandl 40 1 2 2
Penalty Kill 4 Players Defense
Defense Defense Time % Phy DF OF
1 Ryan Wilson Timothy Kunes 60 1 2 2
2 Jordie Benn Anthony Bitetto 40 1 2 2
Penalty Kill - 3 Players Forward
Forward Time % Phy DF OF
1 Tomas Kurka 60 1 2 2
2 Andrew Gordon 40 1 2 2
Penalty Kill - 3 Players Defense
Defense Defense Time % Phy DF OF
1 Ryan Wilson Timothy Kunes 60 1 2 2
2 Jordie Benn Anthony Bitetto 40 1 2 2
4 vs 4 Forward
Center Wing Time % Phy DF OF
1 Tomas Kurka Andrew Gordon 60 1 2 2
2 Barry Tallackson Mattias Weinhandl 40 1 2 2
4 vs 4 Defense
Defense Defense Time % Phy DF OF
1 Ryan Wilson Timothy Kunes 60 1 2 2
2 Jordie Benn Anthony Bitetto 40 1 2 2
Last Minutes Offensive
Center Left Wing Right Wing Defense Defense
Christian Hanson Tomas Kurka Andrew Gordon Ryan Wilson Timothy Kunes
Last Minutes Defensive
Center Left Wing Right Wing Defense Defense
Christian Hanson Tomas Kurka Andrew Gordon Ryan Wilson Timothy Kunes
Goaltenders
Starting : Marek Schwarz
Backup : Jason Missiaen
Extra Forwards
Normal : Zach Budish, Jared Knight, Matt Calvert - PP : Zach Budish, Jared Knight - PK : Matt Calvert
Extra Defensemen
Normal : Mike Funk, Stephen Johns, Robbie Russo - PP : Mike Funk - PK : Stephen Johns, Robbie Russo
Penalty Shots
Tomas Kurka, Andrew Gordon, Barry Tallackson, Mattias Weinhandl, Fedor Fedorov
% Time on Ice - Thunder
Lines # - Real PCT - Wanted PCT - Time Play
Normal Forward
1 - 30% - 40% - 14:17
2 - 30% - 30% - 14:04
3 - 25% - 20% - 12:07
4 - 15% - 10% - 7:11
Normal Defense
1 - 35% - 40% - 16:28
2 - 35% - 30% - 16:47
3 - 24% - 20% - 11:16
4 - 7% - 10% - 3:08
PP Forward
1 - 41% - 60% - 1:24
2 - 59% - 40% - 2:03
PP Defense
1 - 66% - 60% - 2:16
2 - 34% - 40% - 1:11
PK Forward
1 - 80% - 60% - 6:18
2 - 20% - 40% - 1:36
PK Defense
1 - 52% - 60% - 4:07
2 - 48% - 40% - 3:47
PK3 Forward
1 - 0% - 60%
2 - 0% - 40%
PK3 Defense
1 - 0% - 60%
2 - 0% - 40%
44 Forward
1 - 100% - 60% - 1:00
2 - 0% - 40% - 0:00
44 Defense
1 - 53% - 60% - 0:32
2 - 47% - 40% - 0:28
Last Minute Offensive - 0:00
Last Minute Defensive - 0:00
Total
Forward - 60:00
Defense - 60:00
|
% Time on Ice - Patriotes
Lines # - Real PCT - Wanted PCT - Time Play
Normal Forward
1 - 34% - 40% - 16:01
2 - 28% - 30% - 13:12
3 - 21% - 20% - 10:07
4 - 17% - 10% - 8:19
Normal Defense
1 - 38% - 40% - 18:14
2 - 32% - 30% - 15:01
3 - 23% - 20% - 10:52
4 - 7% - 10% - 3:32
PP Forward
1 - 56% - 60% - 4:26
2 - 44% - 40% - 3:28
PP Defense
1 - 61% - 60% - 4:49
2 - 39% - 40% - 3:05
PK Forward
1 - 81% - 60% - 2:48
2 - 19% - 40% - 0:39
PK Defense
1 - 72% - 60% - 2:30
2 - 28% - 40% - 0:57
PK3 Forward
1 - 0% - 60%
2 - 0% - 40%
PK3 Defense
1 - 0% - 60%
2 - 0% - 40%
44 Forward
1 - 85% - 60% - 0:51
2 - 15% - 40% - 0:09
44 Defense
1 - 63% - 60% - 0:38
2 - 37% - 40% - 0:22
Last Minute Offensive - 0:00
Last Minute Defensive - 0:00
Total
Forward - 60:00
Defense - 60:00
|
Play by Play
1st period
0:01 of 1st period - Christian Hanson wins face-off versus Pierre-Alexandre Parenteau in neutral zone.
1:45 of 1st period - Brett Festerling is hit by Barry Tallackson and loses puck.
2:36 of 1st period - Tomas Kurka is hit by Tom Pyatt and loses puck.
2:55 of 1st period - Off-side.
2:56 of 1st period - Zenon Konopka wins face-off versus Evgeny Kuznetsov in neutral zone.
2:59 of 1st period - Wrist shot by Barry Tallackson.
2:59 of 1st period - Shot Blocked by Jay Beagle.
3:01 of 1st period - Slapshot by Ryan Wilson.
3:01 of 1st period - Stopped by Braden Holtby with a rebound.
3:03 of 1st period - Slapshot by Barry Tallackson.
3:03 of 1st period - Shot Misses the Net.
3:09 of 1st period - Zenon Konopka is hit by Magnus Paajarvi-Svensson and loses puck.
3:29 of 1st period - Jay Harrison is hit by Tomas Kurka and loses puck.
3:44 of 1st period - Dany Roussin is hit by Austin Watson and loses puck.
3:53 of 1st period - Snap shot by Tom Pyatt.
3:53 of 1st period - Stopped by Marek Schwarz with a rebound.
4:07 of 1st period - Wrist shot by Mattias Weinhandl.
4:07 of 1st period - Shot Blocked by Robin Leblanc.
4:09 of 1st period - Slapshot by Timothy Kunes.
4:09 of 1st period - Stopped by Braden Holtby without a rebound.
4:10 of 1st period - Evgeny Kuznetsov wins face-off versus Christian Hanson in Thunder zone.
4:15 of 1st period - Christian Hanson is hit by Jay Beagle and loses puck.
4:36 of 1st period - David Fischer is hit by Mattias Weinhandl and loses puck.
5:03 of 1st period - Barry Tallackson is hit by Pierre-Alexandre Parenteau and loses puck.
5:26 of 1st period - Snap shot by Andrew Gordon.
5:26 of 1st period - Goal by Andrew Gordon - Thunder : 0 - Patriotes : 1.
5:27 of 1st period - Christian Hanson wins face-off versus Tom Pyatt in neutral zone.
5:30 of 1st period - Pierre-Alexandre Parenteau is hit by Tomas Kurka and loses puck.
5:39 of 1st period - Wrist shot by Tomas Kurka.
5:39 of 1st period - Shot Misses the Net.
5:41 of 1st period - Slapshot by Andrew Gordon.
5:41 of 1st period - Shot Misses the Net.
6:03 of 1st period - Wrist shot by Zenon Konopka.
6:03 of 1st period - Shot Misses the Net.
6:14 of 1st period - Off-side.
6:15 of 1st period - Evgeny Kuznetsov wins face-off versus Mathieu Perreault in neutral zone.
6:22 of 1st period - Slapshot by Jay Beagle.
6:22 of 1st period - Stopped by Marek Schwarz without a rebound.
6:23 of 1st period - Christian Hanson wins face-off versus Tom Pyatt in Patriotes zone.
6:23 of 1st period - Christian Hanson is hit by Pierre-Alexandre Parenteau.
7:13 of 1st period - Wrist shot by Matt Calvert.
7:13 of 1st period - Shot Blocked by Jay Beagle.
7:19 of 1st period - Wrist shot by Evgeny Kuznetsov.
7:19 of 1st period - Goal by Evgeny Kuznetsov - Thunder : 1 - Patriotes : 1.
7:20 of 1st period - Tom Pyatt wins face-off versus Christian Hanson in neutral zone.
7:29 of 1st period - Backhand shot by Tomas Kurka.
7:29 of 1st period - Deflect By Andrew Gordon.
7:29 of 1st period - Stopped by Braden Holtby without a rebound.
7:30 of 1st period - Tom Pyatt wins face-off versus Christian Hanson in Thunder zone.
7:41 of 1st period - Snap shot by Pierre-Alexandre Parenteau.
7:41 of 1st period - Shot Misses the Net.
7:45 of 1st period - Snap shot by Pierre-Alexandre Parenteau.
7:45 of 1st period - Shot Misses the Net.
7:47 of 1st period - Snap shot by Tom Pyatt.
7:47 of 1st period - Deflect By Dany Roussin.
7:47 of 1st period - Stopped by Marek Schwarz without a rebound.
7:48 of 1st period - Evgeny Kuznetsov wins face-off versus Zenon Konopka in Patriotes zone.
8:14 of 1st period - Tomas Kurka is hit by Pierre-Alexandre Parenteau.
10:01 of 1st period - Snap shot by David Clarkson.
10:01 of 1st period - Goal by David Clarkson - Thunder : 2 - Patriotes : 1.
10:02 of 1st period - Christian Hanson wins face-off versus Evgeny Kuznetsov in neutral zone.
10:05 of 1st period - Wrist shot by Andrew Gordon.
10:05 of 1st period - Stopped by Braden Holtby with a rebound.
10:07 of 1st period - Slapshot by Timothy Kunes.
10:07 of 1st period - Deflect By Tomas Kurka.
10:07 of 1st period - Shot Blocked by Jay Beagle.
10:07 of 1st period - Puck is out of play.
10:08 of 1st period - Christian Hanson wins face-off versus Evgeny Kuznetsov in Thunder zone.
10:15 of 1st period - Snap shot by Andrew Gordon.
10:15 of 1st period - Shot Misses the Net.
10:17 of 1st period - Slapshot by Ryan Wilson.
10:17 of 1st period - Stopped by Braden Holtby with a rebound.
10:19 of 1st period - Slapshot by Ryan Wilson.
10:19 of 1st period - Stopped by Braden Holtby with a rebound.
10:21 of 1st period - Slapshot by Ryan Wilson.
10:21 of 1st period - Shot Blocked by Jay Beagle.
11:04 of 1st period - Snap shot by Evgeny Kuznetsov.
11:04 of 1st period - Stopped by Marek Schwarz with a rebound.
12:31 of 1st period - Wrist shot by Barry Tallackson.
12:31 of 1st period - Shot Misses the Net.
12:48 of 1st period - Snap shot by Melker Karlsson.
12:48 of 1st period - Stopped by Braden Holtby with a rebound.
12:50 of 1st period - Snap shot by Melker Karlsson.
12:50 of 1st period - Stopped by Braden Holtby with a rebound.
13:00 of 1st period - Dany Roussin is hit by Tomas Kurka and loses puck.
14:24 of 1st period - Wrist shot by Andrew Gordon.
14:24 of 1st period - Shot Blocked by Tom Pyatt.
14:26 of 1st period - Wrist shot by Andrew Gordon.
14:26 of 1st period - Deflect By Pierre-Alexandre Parenteau.
14:26 of 1st period - Shot Blocked by Peter Andersson.
14:26 of 1st period - Puck is out of play.
14:27 of 1st period - Zenon Konopka wins face-off versus Robin Leblanc in Thunder zone.
14:32 of 1st period - Snap shot by Barry Tallackson.
14:32 of 1st period - Stopped by Braden Holtby with a rebound.
14:34 of 1st period - Slapshot by Jordie Benn.
14:34 of 1st period - Shot Misses the Net.
14:36 of 1st period - Wrist shot by Barry Tallackson.
14:36 of 1st period - Stopped by Braden Holtby without a rebound.
14:37 of 1st period - Dany Roussin wins face-off versus Zenon Konopka in Thunder zone.
14:37 of 1st period - Dany Roussin is hit by Anthony Bitetto.
14:43 of 1st period - Barry Tallackson is hit by Robin Leblanc.
14:59 of 1st period - Snap shot by Barry Tallackson.
14:59 of 1st period - Shot Blocked by Dany Roussin.
15:01 of 1st period - Snap shot by Fedor Fedorov.
15:01 of 1st period - Shot Misses the Net.
15:31 of 1st period - Slapshot by Barry Tallackson.
15:31 of 1st period - Shot Misses the Net.
15:43 of 1st period - Jordie Benn is hit by Dany Roussin.
15:51 of 1st period - Brett Festerling is hit by Zenon Konopka and loses puck.
16:09 of 1st period - Wrist shot by Barry Tallackson.
16:09 of 1st period - Shot Misses the Net.
16:11 of 1st period - Wrist shot by Barry Tallackson.
16:11 of 1st period - Shot Hit the Post.
16:19 of 1st period - Snap shot by Barry Tallackson.
16:19 of 1st period - Shot Blocked by Josh Manson.
16:21 of 1st period - Wrist shot by Barry Tallackson.
16:21 of 1st period - Shot Misses the Net.
16:23 of 1st period - Slapshot by Anthony Bitetto.
16:23 of 1st period - Deflect By Zenon Konopka.
16:23 of 1st period - Goal by Zenon Konopka - Thunder : 2 - Patriotes : 2.
16:24 of 1st period - Christian Hanson wins face-off versus Magnus Paajarvi-Svensson in neutral zone.
16:35 of 1st period - Wrist shot by Tomas Kurka.
16:35 of 1st period - Stopped by Braden Holtby with a rebound.
16:37 of 1st period - Wrist shot by Timothy Kunes.
16:37 of 1st period - Stopped by Braden Holtby without a rebound.
16:38 of 1st period - Joe Labate wins face-off versus Christian Hanson in Thunder zone.
16:53 of 1st period - Slapshot by Jay Harrison.
16:53 of 1st period - Deflect By David Clarkson.
16:53 of 1st period - Shot Blocked by Timothy Kunes.
16:53 of 1st period - Puck is out of play.
16:54 of 1st period - Mathieu Perreault wins face-off versus Evgeny Kuznetsov in Patriotes zone.
17:46 of 1st period - Jay Harrison is hit by Anthony Bitetto and loses puck.
18:03 of 1st period - Jay Beagle is hit by Mattias Weinhandl and loses puck.
18:23 of 1st period - Brett Festerling is hit by Stephen Johns and loses puck.
18:40 of 1st period - Christian Hanson is hit by Brett Festerling and loses puck.
18:51 of 1st period - Jay Beagle is hit by Melker Karlsson and loses puck.
19:12 of 1st period - Snap shot by Mathieu Perreault.
19:12 of 1st period - Stopped by Braden Holtby with a rebound.
19:14 of 1st period - Wrist shot by Mathieu Perreault.
19:14 of 1st period - Deflect By Matt Calvert.
19:14 of 1st period - Goal by Matt Calvert - Thunder : 2 - Patriotes : 3.
19:15 of 1st period - Christian Hanson wins face-off versus Tom Pyatt in neutral zone.
Goals for this period are 2 for Thunder vs 3 for Patriotes.
Shots for this period are 6 for Thunder vs 16 for Patriotes.
2nd period
0:01 of 2nd period - Christian Hanson wins face-off versus Tom Pyatt in neutral zone.
0:29 of 2nd period - Minor Penalty to Zenon Konopka for Goalie Interference.
0:30 of 2nd period - Tomas Kurka wins face-off versus Tom Pyatt in Patriotes zone.
0:46 of 2nd period - Backhand shot by Dany Roussin.
0:46 of 2nd period - Shot Misses the Net.
1:00 of 2nd period - Jay Beagle is hit by Timothy Kunes and loses puck.
2:09 of 2nd period - Ryan Wilson is hit by Pierre-Alexandre Parenteau and loses puck.
2:20 of 2nd period - Brett Festerling is hit by Matt Calvert and loses puck.
2:29 of 2nd period - Penalty to Zenon Konopka is over, Zenon Konopka is back on ice.
2:32 of 2nd period - Icing by Timothy Kunes.
2:33 of 2nd period - Melker Karlsson wins face-off versus David Clarkson in Patriotes zone.
3:06 of 2nd period - Lauri Tukonen is hit by Joe Labate and loses puck.
3:25 of 2nd period - Wrist shot by Lauri Tukonen.
3:25 of 2nd period - Stopped by Braden Holtby without a rebound.
3:26 of 2nd period - Christian Hanson wins face-off versus Tom Pyatt in Thunder zone.
3:32 of 2nd period - Minor Penalty to Josh Manson for Holding.
3:33 of 2nd period - Pierre-Alexandre Parenteau wins face-off versus Christian Hanson in Thunder zone.
4:19 of 2nd period - Barry Tallackson is hit by Jay Harrison and loses puck.
4:26 of 2nd period - Jay Beagle is hit by Fedor Fedorov.
4:53 of 2nd period - Barry Tallackson is hit by Tom Pyatt and loses puck.
5:00 of 2nd period - Tom Pyatt is hit by Barry Tallackson and loses puck.
5:05 of 2nd period - Snap shot by Zenon Konopka.
5:05 of 2nd period - Shot Blocked by Brett Festerling.
5:07 of 2nd period - Slapshot by Ryan Wilson.
5:07 of 2nd period - Stopped by Braden Holtby without a rebound.
5:08 of 2nd period - Dany Roussin wins face-off versus Christian Hanson in Thunder zone.
5:17 of 2nd period - Dany Roussin is hit by Christian Hanson and loses puck.
5:22 of 2nd period - Wrist shot by Tomas Kurka.
5:22 of 2nd period - Stopped by Braden Holtby with a rebound.
5:24 of 2nd period - Slapshot by Ryan Wilson.
5:24 of 2nd period - Stopped by Braden Holtby without a rebound.
5:25 of 2nd period - Christian Hanson wins face-off versus Dany Roussin in Thunder zone.
5:32 of 2nd period - Penalty to Josh Manson is over, Josh Manson is back on ice.
5:35 of 2nd period - Off-side.
5:36 of 2nd period - Christian Hanson wins face-off versus Evgeny Kuznetsov in neutral zone.
5:39 of 2nd period - Slapshot by Timothy Kunes.
5:39 of 2nd period - Deflect By Christian Hanson.
5:39 of 2nd period - Shot Misses the Net.
5:39 of 2nd period - Puck is out of play.
5:40 of 2nd period - Andrew Gordon wins face-off versus Jay Beagle in Thunder zone.
6:11 of 2nd period - Snap shot by Pierre-Alexandre Parenteau.
6:11 of 2nd period - Shot Blocked by Barry Tallackson.
6:13 of 2nd period - Snap shot by Dany Roussin.
6:13 of 2nd period - Shot Blocked by Timothy Kunes.
6:15 of 2nd period - Snap shot by Tom Pyatt.
6:15 of 2nd period - Stopped by Marek Schwarz without a rebound.
6:16 of 2nd period - Christian Hanson wins face-off versus Tom Pyatt in Patriotes zone.
6:31 of 2nd period - Slapshot by Jay Harrison.
6:31 of 2nd period - Deflect By Christian Hanson.
6:31 of 2nd period - Stopped by Marek Schwarz without a rebound.
6:32 of 2nd period - Zenon Konopka wins face-off versus Evgeny Kuznetsov in Patriotes zone.
6:43 of 2nd period - Snap shot by Barry Tallackson.
6:43 of 2nd period - Shot Misses the Net.
6:45 of 2nd period - Wrist shot by Zenon Konopka.
6:45 of 2nd period - Deflect By Barry Tallackson.
6:45 of 2nd period - Stopped by Braden Holtby without a rebound.
6:46 of 2nd period - Christian Hanson wins face-off versus Tom Pyatt in Thunder zone.
6:57 of 2nd period - Andrew Gordon is hit by Tom Pyatt and loses puck.
7:35 of 2nd period - Slapshot by David Wolf.
7:35 of 2nd period - Shot Blocked by Anthony Bitetto.
8:04 of 2nd period - Slapshot by Mike Funk.
8:04 of 2nd period - Shot Blocked by Pierre-Alexandre Parenteau.
8:21 of 2nd period - Mike Funk is hit by Peter Andersson and loses puck.
9:37 of 2nd period - Snap shot by Magnus Paajarvi-Svensson.
9:37 of 2nd period - Shot Misses the Net.
10:23 of 2nd period - Wrist shot by Tom Pyatt.
10:23 of 2nd period - Deflect By Pierre-Alexandre Parenteau.
10:23 of 2nd period - Stopped by Marek Schwarz with a rebound.
10:47 of 2nd period - Slapshot by Lauri Tukonen.
10:47 of 2nd period - Shot Misses the Net.
10:49 of 2nd period - Wrist shot by Jordie Benn.
10:49 of 2nd period - Shot Hit the Post.
10:51 of 2nd period - Slapshot by Anthony Bitetto.
10:51 of 2nd period - Deflect By Melker Karlsson.
10:51 of 2nd period - Stopped by Braden Holtby with a rebound.
12:07 of 2nd period - Dany Roussin is hit by Melker Karlsson and loses puck.
12:14 of 2nd period - David Clarkson is hit by Melker Karlsson and loses puck.
12:47 of 2nd period - Icing by Tom Pyatt.
12:48 of 2nd period - Christian Hanson wins face-off versus Tom Pyatt in Thunder zone.
12:51 of 2nd period - Snap shot by Andrew Gordon.
12:51 of 2nd period - Shot Blocked by Jay Harrison.
13:07 of 2nd period - Wrist shot by Pierre-Alexandre Parenteau.
13:07 of 2nd period - Shot Misses the Net.
13:13 of 2nd period - Snap shot by Pierre-Alexandre Parenteau.
13:13 of 2nd period - Deflect By Tom Pyatt.
13:13 of 2nd period - Stopped by Marek Schwarz with a rebound.
13:29 of 2nd period - Slapshot by Pierre-Alexandre Parenteau.
13:29 of 2nd period - Shot Misses the Net.
13:33 of 2nd period - Wrist shot by Tom Pyatt.
13:33 of 2nd period - Stopped by Marek Schwarz without a rebound.
13:34 of 2nd period - Jay Beagle wins face-off versus Zenon Konopka in Patriotes zone.
14:00 of 2nd period - Minor Penalty to Josh Manson for Hooking.
14:01 of 2nd period - Christian Hanson wins face-off versus Dany Roussin in Thunder zone.
14:16 of 2nd period - Snap shot by Andrew Gordon.
14:16 of 2nd period - Stopped by Braden Holtby without a rebound.
14:17 of 2nd period - Christian Hanson wins face-off versus Dany Roussin in Thunder zone.
14:49 of 2nd period - Slapshot by Barry Tallackson.
14:49 of 2nd period - Shot Misses the Net.
14:51 of 2nd period - Snap shot by Fedor Fedorov.
14:51 of 2nd period - Goal by Fedor Fedorov - Thunder : 2 - Patriotes : 4.
14:52 of 2nd period - Christian Hanson wins face-off versus Evgeny Kuznetsov in neutral zone.
15:01 of 2nd period - Snap shot by Andrew Gordon.
15:01 of 2nd period - Stopped by Braden Holtby without a rebound.
15:02 of 2nd period - Evgeny Kuznetsov wins face-off versus Tomas Kurka in Thunder zone.
15:18 of 2nd period - Snap shot by Tomas Kurka.
15:18 of 2nd period - Stopped by Braden Holtby without a rebound.
15:19 of 2nd period - Zenon Konopka wins face-off versus Tom Pyatt in Thunder zone.
15:33 of 2nd period - Off-side.
15:34 of 2nd period - Christian Hanson wins face-off versus Tom Pyatt in neutral zone.
16:32 of 2nd period - Wrist shot by Brett Festerling.
16:32 of 2nd period - Deflect By Mathieu Perreault.
16:32 of 2nd period - Stopped by Marek Schwarz with a rebound.
16:53 of 2nd period - Slapshot by Robin Leblanc.
16:53 of 2nd period - Shot Misses the Net.
17:07 of 2nd period - Josh Manson is hit by Ryan Wilson and loses puck.
17:39 of 2nd period - Wrist shot by Mattias Weinhandl.
17:39 of 2nd period - Deflect By Mathieu Perreault.
17:39 of 2nd period - Stopped by Braden Holtby without a rebound.
17:40 of 2nd period - Mathieu Perreault wins face-off versus Joe Labate in Thunder zone.
18:13 of 2nd period - Minor Penalty to Dany Roussin for Hooking.
18:14 of 2nd period - Christian Hanson wins face-off versus David Clarkson in Thunder zone.
18:16 of 2nd period - Wrist shot by Andrew Gordon.
18:16 of 2nd period - Shot Misses the Net.
Goals for this period are 0 for Thunder vs 1 for Patriotes.
Shots for this period are 6 for Thunder vs 11 for Patriotes.
3rd period
0:01 of 3rd period - David Clarkson wins face-off versus Christian Hanson in neutral zone.
0:04 of 3rd period - Andrew Gordon is hit by Pierre-Alexandre Parenteau and loses puck.
0:13 of 3rd period - Penalty to Dany Roussin is over, Dany Roussin is back on ice.
0:25 of 3rd period - Ryan Wilson is hit by Jay Harrison and loses puck.
0:46 of 3rd period - Josh Manson is hit by Mattias Weinhandl and loses puck.
1:15 of 3rd period - Wrist shot by Melker Karlsson.
1:15 of 3rd period - Stopped by Braden Holtby with a rebound.
1:41 of 3rd period - Slapshot by Robin Leblanc.
1:41 of 3rd period - Shot Blocked by Anthony Bitetto.
1:54 of 3rd period - Minor Penalty to Stephen Johns for Boarding.
1:55 of 3rd period - Tomas Kurka wins face-off versus Evgeny Kuznetsov in Patriotes zone.
2:03 of 3rd period - Snap shot by Magnus Paajarvi-Svensson.
2:03 of 3rd period - Stopped by Marek Schwarz without a rebound.
2:04 of 3rd period - Tomas Kurka wins face-off versus Magnus Paajarvi-Svensson in Patriotes zone.
2:17 of 3rd period - Slapshot by Jay Beagle.
2:17 of 3rd period - Shot Blocked by Timothy Kunes.
2:19 of 3rd period - Wrist shot by Magnus Paajarvi-Svensson.
2:19 of 3rd period - Shot Misses the Net.
2:21 of 3rd period - Slapshot by David Fischer.
2:21 of 3rd period - Shot Misses the Net.
2:23 of 3rd period - Slapshot by Jay Harrison.
2:23 of 3rd period - Goal by Jay Harrison - Thunder : 3 - Patriotes : 4.
2:24 of 3rd period - Tom Pyatt wins face-off versus Christian Hanson in neutral zone.
2:55 of 3rd period - Snap shot by Zenon Konopka.
2:55 of 3rd period - Shot Misses the Net.
2:59 of 3rd period - Snap shot by Zenon Konopka.
2:59 of 3rd period - Stopped by Braden Holtby with a rebound.
3:30 of 3rd period - Icing by David Clarkson.
3:31 of 3rd period - Mathieu Perreault wins face-off versus Tom Pyatt in Thunder zone.
4:41 of 3rd period - Lauri Tukonen is hit by Robin Leblanc and loses puck.
5:07 of 3rd period - Jay Beagle is hit by Anthony Bitetto and loses puck.
5:28 of 3rd period - Snap shot by Christian Hanson.
5:28 of 3rd period - Stopped by Braden Holtby without a rebound.
5:29 of 3rd period - Christian Hanson wins face-off versus Joe Labate in Thunder zone.
5:32 of 3rd period - Slapshot by Andrew Gordon.
5:32 of 3rd period - Stopped by Braden Holtby with a rebound.
5:42 of 3rd period - Anthony Bitetto is hit by Josh Manson.
6:01 of 3rd period - David Wolf is hit by Matt Calvert and loses puck.
6:12 of 3rd period - Wrist shot by Mathieu Perreault.
6:12 of 3rd period - Shot Misses the Net.
6:14 of 3rd period - Wrist shot by Mathieu Perreault.
6:14 of 3rd period - Shot Misses the Net.
6:21 of 3rd period - Icing by Brett Festerling.
6:22 of 3rd period - Tom Pyatt wins face-off versus Zenon Konopka in Thunder zone.
6:27 of 3rd period - Snap shot by Dany Roussin.
6:27 of 3rd period - Shot Misses the Net.
6:29 of 3rd period - Slapshot by Brett Festerling.
6:29 of 3rd period - Shot Misses the Net.
6:37 of 3rd period - Dany Roussin is hit by Zenon Konopka and loses puck.
6:56 of 3rd period - Slapshot by Jay Beagle.
6:56 of 3rd period - Stopped by Marek Schwarz with a rebound.
6:58 of 3rd period - Snap shot by Magnus Paajarvi-Svensson.
6:58 of 3rd period - Stopped by Marek Schwarz with a rebound.
7:07 of 3rd period - Icing by Mike Funk.
7:08 of 3rd period - Dany Roussin wins face-off versus Mathieu Perreault in Patriotes zone.
7:17 of 3rd period - Snap shot by Robin Leblanc.
7:17 of 3rd period - Stopped by Marek Schwarz with a rebound.
7:19 of 3rd period - Slapshot by David Fischer.
7:19 of 3rd period - Stopped by Marek Schwarz without a rebound.
7:20 of 3rd period - Christian Hanson wins face-off versus Tom Pyatt in Patriotes zone.
8:07 of 3rd period - Jay Beagle is hit by Anthony Bitetto and loses puck.
8:12 of 3rd period - Snap shot by Melker Karlsson.
8:12 of 3rd period - Stopped by Braden Holtby with a rebound.
8:14 of 3rd period - Snap shot by Austin Watson.
8:14 of 3rd period - Stopped by Braden Holtby with a rebound.
8:16 of 3rd period - Wrist shot by Melker Karlsson.
8:16 of 3rd period - Goal by Melker Karlsson - Thunder : 3 - Patriotes : 5.
8:17 of 3rd period - Christian Hanson wins face-off versus Tom Pyatt in neutral zone.
8:24 of 3rd period - Wrist shot by Andrew Gordon.
8:24 of 3rd period - Stopped by Braden Holtby with a rebound.
9:20 of 3rd period - Slapshot by Magnus Paajarvi-Svensson.
9:20 of 3rd period - Shot Misses the Net.
10:22 of 3rd period - Icing by Mathieu Perreault.
10:23 of 3rd period - Zenon Konopka wins face-off versus Magnus Paajarvi-Svensson in Patriotes zone.
10:40 of 3rd period - Mike Funk is hit by David Wolf and loses puck.
11:01 of 3rd period - Timothy Kunes is hit by Josh Manson and loses puck.
11:08 of 3rd period - Slapshot by Ryan Wilson.
11:08 of 3rd period - Shot Blocked by Josh Manson.
11:10 of 3rd period - Snap shot by Ryan Wilson.
11:10 of 3rd period - Shot Misses the Net.
11:20 of 3rd period - Pierre-Alexandre Parenteau is hit by Timothy Kunes and loses puck.
11:27 of 3rd period - Wrist shot by Lauri Tukonen.
11:27 of 3rd period - Deflect By Austin Watson.
11:27 of 3rd period - Goal by Austin Watson - Thunder : 3 - Patriotes : 6.
11:28 of 3rd period - Christian Hanson wins face-off versus Evgeny Kuznetsov in neutral zone.
11:31 of 3rd period - Slapshot by Ryan Wilson.
11:31 of 3rd period - Shot Blocked by Jay Harrison.
11:33 of 3rd period - Slapshot by Timothy Kunes.
11:33 of 3rd period - Stopped by Braden Holtby with a rebound.
11:35 of 3rd period - Slapshot by Timothy Kunes.
11:35 of 3rd period - Shot Misses the Net.
11:37 of 3rd period - Slapshot by Tomas Kurka.
11:37 of 3rd period - Goal by Tomas Kurka - Thunder : 3 - Patriotes : 7.
11:38 of 3rd period - Christian Hanson wins face-off versus Tom Pyatt in neutral zone.
11:42 of 3rd period - Minor Penalty to Jay Harrison for Boarding.
11:43 of 3rd period - Christian Hanson wins face-off versus Dany Roussin in Thunder zone.
11:48 of 3rd period - Backhand shot by Andrew Gordon.
11:48 of 3rd period - Goal by Andrew Gordon - Thunder : 3 - Patriotes : 8.
11:49 of 3rd period - Christian Hanson wins face-off versus Tom Pyatt in neutral zone.
11:58 of 3rd period - Snap shot by Andrew Gordon.
11:58 of 3rd period - Deflect By Jay Harrison.
11:58 of 3rd period - Shot Blocked by David Fischer.
11:58 of 3rd period - Puck is out of play.
11:59 of 3rd period - Andrew Gordon wins face-off versus Tom Pyatt in Thunder zone.
12:00 of 3rd period - Wrist shot by Christian Hanson.
12:00 of 3rd period - Deflect By Tomas Kurka.
12:00 of 3rd period - Shot Blocked by Jay Harrison.
12:00 of 3rd period - Puck is out of play.
12:01 of 3rd period - Tom Pyatt wins face-off versus Christian Hanson in Thunder zone.
12:03 of 3rd period - Double Minor Penalty to Pierre-Alexandre Parenteau for High sticking.
12:04 of 3rd period - David Clarkson wins face-off versus Christian Hanson in Thunder zone.
12:18 of 3rd period - Wrist shot by David Clarkson.
12:18 of 3rd period - Shot Misses the Net.
13:22 of 3rd period - Fedor Fedorov is hit by David Clarkson.
13:52 of 3rd period - Evgeny Kuznetsov is hit by Ryan Wilson and loses puck.
14:05 of 3rd period - Anthony Bitetto is hit by Jay Beagle and loses puck.
15:02 of 3rd period - Minor Penalty to Jared Knight for Roughing.
15:03 of 3rd period - Dalton Smith wins face-off versus Andrew Gordon in Patriotes zone.
15:04 of 3rd period - Slapshot by Dany Roussin.
15:04 of 3rd period - Stopped by Marek Schwarz without a rebound.
15:05 of 3rd period - Tomas Kurka wins face-off versus Dany Roussin in Patriotes zone.
15:10 of 3rd period - David Fischer is hit by Andrew Gordon and loses puck.
16:03 of 3rd period - Penalty to Pierre-Alexandre Parenteau is over, Pierre-Alexandre Parenteau is back on ice.
16:13 of 3rd period - Wrist shot by Dany Roussin.
16:13 of 3rd period - Stopped by Marek Schwarz without a rebound.
16:14 of 3rd period - Tomas Kurka wins face-off versus Evgeny Kuznetsov in Patriotes zone.
16:29 of 3rd period - Slapshot by Jay Beagle.
16:29 of 3rd period - Stopped by Marek Schwarz without a rebound.
16:30 of 3rd period - Tom Pyatt wins face-off versus Tomas Kurka in Patriotes zone.
16:31 of 3rd period - Snap shot by Dany Roussin.
16:31 of 3rd period - Stopped by Marek Schwarz with a rebound.
17:02 of 3rd period - Penalty to Jared Knight is over, Jared Knight is back on ice.
17:12 of 3rd period - Slapshot by Melker Karlsson.
17:12 of 3rd period - Stopped by Braden Holtby without a rebound.
17:13 of 3rd period - Tom Pyatt wins face-off versus Melker Karlsson in Thunder zone.
18:36 of 3rd period - Brett Festerling is hit by Timothy Kunes and loses puck.
18:54 of 3rd period - Barry Tallackson is hit by Robin Leblanc and loses puck.
19:09 of 3rd period - Wrist shot by Brett Festerling.
19:09 of 3rd period - Stopped by Marek Schwarz without a rebound.
19:10 of 3rd period - Christian Hanson wins face-off versus Joe Labate in Patriotes zone.
19:15 of 3rd period - Slapshot by Jordie Benn.
19:15 of 3rd period - Stopped by Braden Holtby with a rebound.
19:23 of 3rd period - Slapshot by Brett Festerling.
19:23 of 3rd period - Stopped by Marek Schwarz with a rebound.
19:35 of 3rd period - Jay Beagle is hit by Zenon Konopka and loses puck.
19:55 of 3rd period - Icing by Brett Festerling.
19:56 of 3rd period - Tom Pyatt wins face-off versus Mathieu Perreault in Thunder zone.
Goals for this period are 1 for Thunder vs 4 for Patriotes.
Shots for this period are 12 for Thunder vs 14 for Patriotes.
Back to the Top